 Dungeon Crawl Stone Soup version 0.18-b1-16-g289874d (webtiles) character file.

112 wvc the Chiller (level 5, -7/41 HPs)
             Began as a Human Ice Elementalist on May 1, 2016.
             Killed by divine providence
             ... invoked by an orc priest
              (13 damage)
             ... on level 3 of the Dungeon.
             The game lasted 00:05:45 (2156 turns).

wvc the Chiller (Human Ice Elementalist)            Turns: 2156, Time: 00:05:45

Health: -7/41      AC: 15    Str:  8    XL:     5   Next: 16%
Magic:  8/8        EV:  9    Int: 16    God:
Gold:   106        SH:  3    Dex: 14    Spells: 1 memorised, 7 levels left

rFire  . . .     SeeInvis .     t - +0 mace (protect)
rCold  . . .     Gourm    .     e - +2 ring mail {MR+}
rNeg   . . .     Faith    .     m - +0 buckler
rPois  .         Spirit   .     (no helmet)
rElec  .         Dismiss  .     s - +2 cloak
rCorr  .         Reflect  .     (no gloves)
SustAt .         Harm     .     (no boots)
MR     +....                    (no amulet)
Stlth  +.........               (no ring)
                                (no ring)

@: lethally poisoned (-7 -> -8), somewhat resistant to hostile enchantments,
very unstealthy
A: no striking features
a: no special abilities


You were on level 3 of the Dungeon.
You were not hungry.

You visited 1 branch of the dungeon, and saw 3 of its levels.

You collected 106 gold pieces.

Inventory:

Hand Weapons
 f - a +4 quarterstaff of chaos
 i - a +0 club
 j - a +0 dagger
 t - a +0 mace of protection (weapon)
Missiles
 l - 23 poisoned needles
Armour
 a - a +0 robe
 e - a +2 ring mail of magic resistance (worn)
 m - a +0 buckler (worn)
 s - a +2 cloak (worn)
Potions
 d - a potion of flight {unknown}
 g - a potion of curing
 h - a potion of might
 r - a potion of magic {unknown}
Books
 b - a book of Frost

   Spells                             Type                      Level
   a - Freeze                         Ice                          1
   b - Throw Frost                    Conjuration/Ice              2
   c - Ozocubu's Armour               Charms/Ice                   3
   d - Throw Icicle                   Conjuration/Ice              4
   e - Summon Ice Beast               Ice/Summoning                4
Comestibles
 c - 3 bread rations
 k - a meat ration


   Skills:
 * Level 3.0 Fighting
 - Level 0.8 Short Blades
 + Level 1.9 Armour
 - Level 2.3 Dodging
 - Level 2.0 Stealth
 - Level 2.0 Spellcasting
   Level 1.0 Conjurations
 - Level 3.2 Ice Magic


You had 7 spell levels left.
You knew the following spells:

 Your Spells              Type           Power        Failure   Level  Hunger
a - Freeze                Ice            ##..         30%         1    #......


Dungeon Overview and Level Annotations

Branches:
Dungeon (3/15)

Altars:

Annotations:
D:3 feelmyfire's ghost, weakling MiFi


Message History

Feelmyfire's ghost hits you but does no damage.
You completely miss the orc.
The orc is almost dead.
The orc priest mumbles some strange prayers to Beogh against you.
Beogh smites you! Feelmyfire's ghost hits you.
You hit the kobold.
You kill the kobold!
The orc priest invokes the aid of Beogh against you.
Beogh smites you! The orc hits you with a whip.
* * * LOW HITPOINT WARNING * * *
Feelmyfire's ghost misses you. You block the orc's attack.
The orc wizard hits you but does no damage.
You feel sick. The orc wizard casts a spell at you. The puff of frost hits you!
* * * LOW HITPOINT WARNING * * *
Feelmyfire's ghost barely misses you.
The orc priest calls down the wrath of Beogh upon you.
Beogh smites you!
You die...

#. #.# #.# #.#
#.## .
#..####....
#..@....#
#o.####.#
#W.####.##.
#oo#.......##
#.o.........##
#............###
#..............
###.##.......#
#.# ###...#


You could see an orc priest, an orc wizard, feelmyfire's ghost and 2 orcs.

Vanquished Creatures
  Crazy Yiuf (D:2)
  Ijyb (D:2)
  An adder (D:2)
  A worm (D:2)
  A dart slug (D:1)
  4 giant geckos
  6 bats
  A giant cockroach (D:2)
  2 goblins (D:2)
  5 hobgoblins
  2 jackals (D:2)
  3 quokkas (D:2)
  4 giant newts
  5 kobolds
  2 rats (D:2)
  A fungus (D:2)
40 creatures vanquished.

Notes
Turn   | Place    | Note
--------------------------------------------------------------
     0 | D:1      | wvc the Human Ice Elementalist began the quest for the Orb.
     0 | D:1      | Reached XP level 1. HP: 13/13 MP: 3/3
   191 | D:1      | Reached XP level 2. HP: 12/19 MP: 1/5
   912 | D:2      | Reached skill level 1 in Fighting
   986 | D:2      | Noticed Ijyb
  1003 | D:2      | Killed Ijyb
  1003 | D:2      | Reached skill level 1 in Armour
  1003 | D:2      | Reached XP level 3. HP: 19/27 MP: 1/6
  1180 | D:2      | Reached XP level 4. HP: 34/34 MP: 7/7
  2021 | D:2      | Noticed Crazy Yiuf
  2033 | D:2      | Killed Crazy Yiuf
  2033 | D:2      | Reached XP level 5. HP: 41/41 MP: 8/8
  2134 | D:3      | Noticed feelmyfire's ghost (weakling MiFi)
  2156 | D:3      | Killed from afar by an orc priest

Skill      XL: |  1  2  3  4 |
---------------+-------------+-----
Fighting       | 2 3 |  3.0
Armour         | 1 |  1.9
Short Blades   | |  0.8
Dodging        | |  2.3
Stealth        | |  2.0
Spellcasting   | |  2.0
Conjurations   | |  1.0
Ice Magic      | |  3.2

Action                   |  1- 3 |  4- 6 || total
-------------------------+-------+-------++-------
Melee: Unarmed           |    11 |       ||    11
       Dagger            |    55 |   162 ||   217
       Mace              |       |     8 ||     8
 Cast: Freeze            |    23 |     3 ||    26
  Use: Potion            |       |     2 ||     2
       Scroll            |       |     4 ||     4
 Stab: Sleeping          |       |     1 ||     1
  Eat: Chunk             |     1 |     4 ||     5
Armor: Ring mail         |    47 |    65 ||   112
       Robe              |     1 |       ||     1
Dodge: Dodged            |    55 |    53 ||   108
Block: Buckler           |       |    18 ||    18
